 Dungeon Crawl Stone Soup version 0.31-a0-229-g1fc7ce93e2 (webtiles) character file.

Game seed: 883373677147632164

601895 coffeetime the Impregnable (level 26, -16/260 (263) HPs)
             Began as an Armataur Fighter on July 6, 2023.
             Was a High Priest of Nemelex Xobeh.
             Killed from afar by an Ice Fiend (65 damage)
             ... with a bolt of cold
             ... summoned by a dread lich
             ... on level 1 of the Realm of Zot on July 7, 2023.
             The game lasted 06:57:51 (59205 turns).

coffeetime the Impregnable (Armataur Fighter)      Turns: 59205, Time: 06:58:21

HP:   -16/260 (263) AC: 45    Str: 34    XL:     26   Next: 51%
MP:   27/27         EV: 11    Int: 13    God:    Nemelex Xobeh [*****.]
Gold: 2156          SH: 21    Dex: 11    Spells: 23/25 levels left

rFire   + + .        a - +9 morningstar (spect)
rCold   . . .        I - +0 tower shield
rNeg    + . .        n - +8 fire dragon scales
rPois   +            r - +1 helmet of the Soft Hot Ocelot {rN+}
rElec   .            s - +2 cloak {rPois}
rCorr   +            W - +3 pair of gauntlets of War {Slay+5}
SInv    .            p - +2 barding {Stlth+}
Will    ++...        C - amulet of Vitality {RegenMP++ Regen++}
Stlth   +            e - ring "Faurafat" {rCorr MP-9 EV+5 Int+4}
HPRegen 2.23/turn    y - ring of willpower
MPRegen 1.00/turn

%: roll
@: silenced, studying Throwing, lightly drained
A: large, rugged brown scales 3, deformed body, armoured tail, roll, long
tongue, awkward tongue, hooves 1, cold resistance 1, strong 1
}: 3/15 runes: decaying, abyssal, gossamer
a: Renounce Religion


You were on level 1 of the Realm of Zot.
You worshipped Nemelex Xobeh.
Nemelex Xobeh was extremely pleased with you.
You visited 10 branches of the dungeon, and saw 44 of its levels.
You visited the Abyss 2 times.
You also visited: Bailey and Ice Cave.

You collected 5809 gold pieces.
You spent 3653 gold pieces at shops.

Inventory:

Hand Weapons
 a - a +9 spectral morningstar (weapon)
 b - the +2 war axe of Imminent Death {heavy, +Blink Will+}
   (You found it on level 7 of the Dungeon)

   +Blink:    It lets you blink.
   Will:      It increases your willpower.
Missiles
 f - 4 throwing nets
 l - 6 javelins
 P - 4 curare-tipped darts
Armour
 c - the +7 faerie dragon scales {rF- rCorr Dex+5 Slay+5}
   (You took it off the Enchantress on level 1 of the Depths)

   Dex:       It affects your dexterity (+5).
   Slay:      It affects your accuracy & damage with ranged weapons and melee
   (+5).
   rF:        It makes you vulnerable to fire.
   rCorr:     It protects you from acid and corrosion.
 n - +8 fire dragon scales (worn)
 p - a +2 barding of stealth (worn)
 r - the +1 helmet of the Soft Hot Ocelot (worn) {rN+}
   (You bought it in a shop on level 2 of the Orcish Mines)

   rN:        It protects you from negative energy.
 s - a +2 cloak of poison resistance (worn)
 I - a +0 tower shield (worn)
 W - the +3 pair of gauntlets of War (worn) {Slay+5}
   (You bought it in a shop on level 2 of the Orcish Mines)

   Slay:      It affects your accuracy & damage with ranged weapons and melee
   (+5).
Jewellery
 e - the ring "Faurafat" (left hand) {rCorr MP-9 EV+5 Int+4}
   (You took it off a deep elf death mage on level 3 of the Elven Halls)

   [ring of evasion]

   EV:        It affects your evasion (+5).
   Int:       It affects your intelligence (+4).
   MP:        It affects your magic capacity (-9).
   rCorr:     It protects you from acid and corrosion.
 j - a ring of ice
 k - a ring of positive energy
 m - an amulet of the acrobat
 y - a ring of willpower (right hand)
 C - the amulet of Vitality (around neck) {RegenMP++ Regen++}
   (You took it off a deep elf death mage on level 3 of the Elven Halls)

   [amulet of magic regeneration]

   It increases your rate of magic regeneration.
   Regen:     It increases your rate of health regeneration.
 R - a ring of flight
 X - the ring of Cinlock {rC+ Str+4}
   (You took it off a deep elf elementalist on level 3 of the Elven Halls)

   [ring of protection from cold]

   Str:       It affects your strength (+4).
   rC:        It protects you from cold.
Wands
 g - a wand of quicksilver (26) (quivered)
 E - a wand of digging (25)
 J - a wand of roots (19)
 Q - a wand of paralysis (28)
Scrolls
 h - a scroll of amnesia
 i - a scroll of summoning
 t - 10 scrolls of fear
 x - 3 scrolls of fog
 z - a scroll of silence
 D - 6 scrolls of revelation
 H - 10 scrolls of teleportation
 L - 2 scrolls of enchant armour
 O - 4 scrolls of blinking
 S - 6 scrolls of immolation
 Y - 5 scrolls of poison
Potions
 d - 3 potions of heal wounds
 o - 7 potions of lignification
 q - 15 potions of attraction
 u - 5 potions of resistance
 v - 19 potions of curing
 w - 7 potions of ambrosia
 A - 2 potions of cancellation
 F - a potion of invisibility
 G - 3 potions of berserk rage
 K - 6 potions of haste
 M - 11 potions of mutation
 U - 15 potions of enlightenment
 V - 4 potions of might
Miscellaneous
 B - a phial of floods
 N - a lightning rod (4/4)
 T - a phantom mirror
 Z - a sack of spiders


   Skills:
 - Level 22.0 Fighting
 + Level 19.6 Maces & Flails
 - Level 7.0 Throwing
 * Level 22.1 Armour
 - Level 5.1 Stealth
 + Level 22.0 Shields
 * Level 18.6 Invocations
 - Level 10.0 Evocations


You had 23 spell levels left.
You knew the following spells:

 Your Spells              Type           Power      Damage    Failure   Level
a - Passwall              Tmut/Erth      0%         N/A       67%         2

Your spell library contained the following spells:

 Spells                   Type           Power      Damage    Failure   Level
 Kiss of Death            Conj/Necr      0%         2d5       52%         1
 Sandblast                Erth           0%         2d4       52%         1
 Shock                    Conj/Air       0%         1d3       52%         1
 Slow                     Hex            0%         N/A       52%         1
 Sting                    Tmut/Pois      0%         1d3       52%         1
 Call Imp                 Summ           0%         N/A       67%         2
 Lesser Beckoning         Tloc           0%         N/A       67%         2
 Poisonous Vapours        Pois/Air       0%         N/A       67%         2
 Scorch                   Fire           0%         2d5       67%         2
 Call Canine Familiar     Summ           0%         N/A       88%         3
 Confusing Touch          Hex            0%         N/A       88%         3
 Gell's Gravitas          Tloc           0%         N/A       88%         3
 Hailstorm                Conj/Ice       0%         3d3       88%         3
 Inner Flame              Hex/Fire       0%         N/A       88%         3
 Mephitic Cloud           Conj/Pois/Air  0%         N/A       88%         3
 Portal Projectile        Hex/Tloc       0%         N/A       88%         3
 Stone Arrow              Conj/Erth      0%         3d7       88%         3
 Teleport Other           Tloc           0%         N/A       88%         3
 Vampiric Draining        Necr           0%         2d6       88%         3
 Vhi's Electric Charge    Tloc/Air       0%         N/A       88%         3
 Volatile Blastmotes      Fire/Tloc      0%         2d10      88%         3
 Animate Armour           Summ/Erth      0%         N/A       99%         4
 Animate Dead             Necr           0%         N/A       99%         4
 Dispel Undead            Necr           0%         3d6       99%         4
 Flame Wave               Conj/Fire      0%         2d4       99%         4
 Fulminant Prism          Conj/Hex       0%         3d5       99%         4
 Ice Form                 Ice/Tmut       0%         N/A       99%         4
 Iskenderun's Mystic Bla  Conj/Tloc      0%         2d3       99%         4
 Leda's Liquefaction      Hex/Erth       0%         N/A       99%         4
 Olgreb's Toxic Radiance  Pois           0%         N/A       99%         4
 Passage of Golubria      Tloc           0%         N/A       99%         4
 Alistair's Intoxication  Tmut/Pois      0%         N/A       100%        5
 Borgnjor's Vile Clutch   Necr/Erth      0%         N/A       100%        5
 Fireball                 Conj/Fire      0%         3d3       100%        5
 Freezing Cloud           Conj/Ice/Air   0%         6-21      100%        5
 Lee's Rapid Deconstruct  Erth           0%         3d4*      100%        5
 Silence                  Hex/Air        0%         N/A       100%        5
 Summon Forest            Summ/Tloc      0%         N/A       100%        5
 Summon Mana Viper        Hex/Summ       0%         N/A       100%        5
 Death Channel            Necr           0%         N/A       100%        6
 Dispersal                Tloc           0%         N/A       100%        6
 Eringya's Noxious Bog    Tmut/Pois      0%         4d6       100%        6
 Leda's Unmaking          Conj/Erth      0%         9d1       100%        6
 Simulacrum               Ice/Necr       0%         N/A       100%        6
 Starburst                Conj/Fire      0%         6d3       100%        6
 Statue Form              Tmut/Erth      0%         N/A       100%        6
 Summon Cactus Giant      Summ           0%         N/A       100%        6
 Ozocubu's Refrigeration  Ice            0%         4d7       100%        7
 Disjunction              Tloc           0%         N/A       100%        8
 Lehudib's Crystal Spear  Conj/Erth      0%         10d2      100%        8
 Fire Storm               Conj/Fire      0%         5d1       100%        9
 Polar Vortex             Ice            0%         N/A       100%        9


Dungeon Overview and Level Annotations

Branches:
Dungeon (15/15)            Temple (1/1) D:7            Lair (5/5) D:11
  Swamp (4/4) Lair:2       Spider (4/4) Lair:2        Slime (0/5) Lair:4
    Orc (2/2) D:11            Elf (3/3) Orc:2        Vaults (4/5) D:14
  Crypt (0/3) Vaults:3     Depths (4/4) D:15            Zot (2/5) Depths:4
 Bailey (visited)           IceCv (visited)

Altars:
Ashenzari
Cheibriados
Dithmenos
Elyvilon
Fedhas
Gozag
Hepliaklqana
Kikubaaqudgha
Makhleb
Nemelex Xobeh
Okawaru
Qazlal
Ru
Sif Muna
Trog
Uskayaw
Vehumet
Wu Jian
Xom
Yredelemnul
Zin
The Shining One
Jiyva

Shops:
D:6 *   D:15 ?   Orc:1 (([[   Orc:2 *?*[([   Elf:1 =   Elf:2 (   Elf:3 [
Vaults:4 (:!   Depths:4 (

Portals:
Hell: Depths:1 Depths:2 Depths:3 Depths:4
Abyss: Depths:3
Pandemonium: Depths:2
Ziggurat: Depths:4

Annotations:
Spider:3 unreachable pool
Orc:1 2 runed translucent doors, kazekaze's ghost, journeyman MiBe
Elf:2 3 runed translucent doors
Zot:1 2 transporters, exclusion: obsidian statue


Innate Abilities, Weirdness & Mutations

You are completely covered in rugged brown scales. (AC +3, +7% HP)
Armour fits poorly on your strangely shaped body.
You have a long armoured tail.
You roll when moving toward enemies. (Rampage)
Your long tongue fully drains potion bottles. (2x potion effects)
Your tongue gives you trouble enunciating. (1.5x scroll delay)
You have large cloven feet.
Your flesh is cold resistant. (rC+)
Your muscles are strong. (Str +4, Int/Dex -1)


Message History

* * * LOW HITPOINT WARNING * * *
Something touches you!
* * * LOW HITPOINT WARNING * * *
You block the Ice Fiend's attack. x2
Something touches you but does no damage.
You feel much better.
You slurp down every last drop of the potion of heal wounds!
The Brimstone Fiend hits you.
* * * LOW HITPOINT WARNING * * *
The Brimstone Fiend hits you but does no damage. x2
Something touches you but does no damage.
The Tzitzimitl engulfs you but does no damage.
You block the Tzitzimitl's attack. The Ice Fiend claws you!
* * * LOW HITPOINT WARNING * * *
The Ice Fiend freezes you!!
* * * LOW HITPOINT WARNING * * *
You block the Ice Fiend's attack.
The Tzitzimitl attacks as you move away!
The Tzitzimitl engulfs you but does no damage.
You block the Tzitzimitl's attack.
The Brimstone Fiend attacks as you move away!
The Brimstone Fiend hits you!
* * * LOW HITPOINT WARNING * * *
The Brimstone Fiend hits you but does no damage.
You block the Brimstone Fiend's attack. Something touches you.
* * * LOW HITPOINT WARNING * * *
Something touches you but does no damage.
You feel much better.
You slurp down every last drop of the potion of heal wounds!
You block the Brimstone Fiend's attack.
The Brimstone Fiend completely misses you.
The Brimstone Fiend barely misses you.
Something touches you but does no damage.
The Tzitzimitl calls on the powers of darkness!
Something is bathed in an unholy light!
Your body is wracked with pain!
* * * LOW HITPOINT WARNING * * *
The Ice Fiend gestures at you. The bolt of cold hits you!!!
You die...
Your body glows with a rainbow of weird colours and disappears.

.........# #....##
.........### ##.....##
...........######.......##
...##........)...........#
..######............(.####
.## #..######...#### ##
#..# #...# # #..# ##.)# #
#..# #@..# # ##.## ##1{1#
## #..######{1..# .##
##......=.)...### ..#
##....†..........##
..###......>..........##
......##...........##..###
#..))###.......#...###...#
#.##[# ##..........# #...#


You could see a Tzitzimitl (summoned, unsilenced), a Brimstone Fiend (summoned,
unsilenced) and an Ice Fiend (summoned, unsilenced).

Vanquished Creatures
  A dread lich (Zot:1)
  An ancient lich (Depths:2)
  A juggernaut (Depths:4)
  The ghost of Ducleet the Intangible, a veteran MfMo of Cheibriados (Depths:3)
  A curse toe (Zot:1)
  Saint Roka (Vaults:4)
  the Enchantress (Depths:1)
  3 golden dragons
  3 bone dragons (Zot:1)
  2 electric golems (Zot:1)
  2 hellephants (Depths:1)
  Zenata (Vaults:3)
  8 tentacled monstrosities
  2 quicksilver dragons
  2 deep elf blademasters (Elf:3)
  A walking divine tome (Depths:4)
  4 liches
  2 deep elf master archers (Elf:3)
  5 sphinxes
  A thorn hunter (Swamp:4)
  4 tentacled starspawn (Abyss:4)
  Kirke (D:15)
  Agnes (Elf:1)
  Frances (Swamp:1)
  3 shadow dragons
  2 death cobs
  Roxanne (Spider:1)
  Donald (Spider:1)
  A nagaraja (Abyss:4)
  3 tengu reavers
  6 storm dragons
  A draconian knight (Zot:1)
  2 fire giants
  7 ghost moths
  An iron dragon (Depths:4)
  8 deep elf sorcerers
  3 frost giants
  Louise (Swamp:3)
  10 vault wardens
  A draconian scorcher (Depths:4)
  6 emperor scorpions
  An orc warlord (Orc:1)
  2 ghouls (Swamp:3)
  2 war gargoyles
  7 deep elf elementalists (Elf:3)
  A spectral caustic shrike (Depths:3)
  A draconian stormcaller (Zot:1)
  2 draconian shifters (Depths:4)
  11 ironbound preservers
  11 very ugly things
  3 spriggan defenders (Depths:1)
  2 draconian annihilators (Zot:1)
  9 stone giants
  A cacodemon (Depths:2)
  9 ironbound thunderhulks
  6 broodmothers
  6 green draconians
  A vampire knight (Depths:4)
  5 eleionomae
  12 dire elephants
  3 deep elf annihilators (Elf:3)
  7 white draconians
  3 bunyips
  3 black draconians
  2 deep elf demonologists (Elf:3)
  5 purple draconians
  A spark wasp (shapeshifter) (Vaults:3)
  5 red draconians
  9 spark wasps
  Azrael (Elf:1)
  2 crystal guardians
  4 yellow draconians
  Snorg (Lair:5)
  A blizzard demon (Abyss:4)
  8 ettins
  A merfolk javelineer (Abyss:4)
  3 deep elf high priests
  7 deep elf death magi
  7 fire dragons
  6 jiangshi
  3 shambling mangroves
  8 entropy weavers
  5 great orbs of eyes
  Josephine (Orc:2)
  A merfolk impaler (Depths:3)
  8 yaktaur captains
  A spectral spriggan (Depths:3)
  5 peacekeepers
  A juggernaut simulacrum (Depths:3)
  3 jorogumos
  2 rakshasas
  A hell beast (Elf:2)
  29 hydras
  7 spriggan air magi
  2 radroaches (Spider:4)
  A merfolk avatar (Lair:5)
  6 ice dragons
  15 vault guards
  A catoblepas (D:13)
  A satyr (Abyss:4)
  7 two-headed ogres
  16 dancing weapons
  8 centaur warriors
  9 alligators
  14 boulder beetles
  21 death yaks
  10 ironbound frosthearts
  6 deep troll shamans
  8 deep troll earth magi
  6 demonic crawlers
  6 orc high priests
  6 tengu warriors
  4 vampire magi
  4 spriggan berserkers
  9 hell hogs (Depths:1)
  2 thrashing horrors (Abyss:4)
  Nergalle (D:10)
  3 hell knights (Vaults:4)
  Sonja (Orc:2)
  3 wretched stars (Abyss:4)
  3 skysharks (Lair:4)
  A sixfirhy (Depths:2)
  4 sun moths
  10 deep elf knights
  7 pharaoh ants
  37 deep trolls
  A spatial maelstrom (Abyss:4)
  2 glowing orange brains
  2 sea snakes (Lair:5)
  11 skeletal warriors
  5 goliath frogs
  7 iron trolls
  6 orb spiders
  4 spriggan druids
  A spriggan simulacrum (Depths:3)
  12 swamp dragons
  2 bog bodies
  A phantasmal warrior (Vaults:4)
  An orange crystal statue (D:13)
  6 deep elf archers
  16 ironbound convokers
  7 wizards
  4 steelbarb worms
  A flayed ghost (Vaults:2)
  7 harpies
  24 deep elf pyromancers
  A lindwurm (Vaults:2)
  Pikel (D:6)
  A golden dragon skeleton (Vaults:3)
  8 orc knights
  A mana viper (Elf:1)
  A harpy (shapeshifter) (D:15)
  3 large abominations (Abyss:4)
  2 orc sorcerers
  9 cyclopes
  28 wolf spiders
  35 ugly things
  22 deep elf zephyrmancers
  2 necromancers
  7 manticores
  A shadow dragon skeleton (Vaults:3)
  4 will-o-the-wisps
  A worldbinder (Abyss:4)
  A stone giant zombie (Vaults:1)
  An ice statue (IceCv)
  14 elephants
  9 moths of wrath
  6 black mambas
  A stone giant skeleton (Vaults:3)
  A fire giant skeleton (Vaults:3)
  A gargoyle (D:14)
  25 vault sentinels
  An apocalypse crab (Abyss:4)
  An orange demon (Depths:2)
  A frost giant skeleton (Vaults:3)
  A rust devil (Depths:2)
  27 cane toads
  2 titan simulacra (Depths:3)
  10 torpor snails
  2 yaktaur zombies (Vaults:1)
  22 yaktaurs
  A komodo dragon (shapeshifter) (Vaults:3)
  2 unseen horrors (D:12)
  2 freezing wraiths
  8 rime drakes
  A yaktaur skeleton (Vaults:3)
  An ice devil (Depths:2)
  4 golden dragon simulacra (Depths:3)
  11 komodo dragons
  A merfolk (D:13)
  5 ancient zymes (Abyss:4)
  6 trolls
  19 hornets
  A tengu simulacrum (Depths:3)
  7 meliai
  A meliai (shapeshifter) (D:14)
  26 blink frogs
  A polar bear (shapeshifter) (D:13)
  2 bloated husks
  3 tyrant leeches
  10 polar bears
  An iron dragon simulacrum (Depths:3)
  A wind drake (Lair:5)
  6 dream sheep
  20 tarantellas
  2 snapping turtles
  20 jumping spiders
  13 slime creatures
  A centaur simulacrum (D:12)
  2 air elementals
  A shadow (D:11)
  14 spriggans
  26 culicivoras
  11 water elementals
  11 wyverns
  6 wraiths
  3 vampires
  25 yaks
  11 basilisks
  3 neqoxecs (Abyss:4)
  5 fire elementals
  A redback (shapeshifter) (Vaults:4)
  A golden eye (D:7)
  7 steam dragons
  47 redbacks
  A chaos spawn (Abyss:4)
  21 vampire mosquitoes
  An elf skeleton (Vaults:3)
  4 wargs
  17 swamp worms
  An acid dragon (D:9)
  15 water moccasins
  8 hell hounds
  A water moccasin (shapeshifter) (Vaults:2)
  A glowing shapeshifter skeleton (Vaults:1)
  16 swamp drakes
  49 orc warriors
  5 sky beasts (Depths:1)
  6 ogres
  4 black bears
  12 centaurs
  3 boggarts (Vaults:2)
  3 phantoms
  10 starcursed masses (Abyss:4)
  15 wolves
  A lemure (D:6)
  2 small abominations (Abyss:4)
  4 kobold brigands
  2 necrophages (Swamp:3)
  4 scorpions
  16 bullfrogs
  5 earth elementals
  4 human skeletons (Vaults:3)
  A glowing shapeshifter simulacrum (Depths:3)
  2 killer bees (D:8)
  8 howler monkeys
  3 electric eels
  A quasit (Abyss:4)
  4 hounds
  A jelly (D:4)
  30 orc priests
  An iguana (D:5)
  Terence (D:3)
  19 orc wizards
  2 hell rats
  Robin (D:2)
  2 adders
  13 gnolls
  2 shadow imps
  2 worms (D:2)
  3 dart slugs
  83 orcs
  8 bats
  7 endoplasms
  2 giant cockroaches
  11 goblins
  8 hobgoblins
  3 jackals (D:1)
  4 quokkas
  2 ball pythons
  10 frilled lizards
  20 kobolds
  4 rats
  A lurking horror (Abyss:4)
1798 creatures vanquished.

Vanquished Creatures (collateral kills)
  Bai Suzhen (Spider:3)
  Margery (Vaults:4)
  Arachne (Spider:3)
  Jorgrun (D:14)
  A sphinx (D:14)
  A deep elf sorcerer (Elf:3)
  A frost giant (D:14)
  A deep elf demonologist (Elf:3)
  2 deep elf death magi (Elf:3)
  5 vault guards (D:14)
  A deep elf high priest (Elf:3)
  A tengu warrior (D:15)
  A hell knight (Vaults:4)
  A spriggan druid (Swamp:2)
  A flayed ghost (D:14)
  A deep troll (Depths:4)
  A deep elf archer (D:14)
  2 swamp dragons
  A wizard (D:14)
  An orc knight (D:14)
  2 rime drakes (IceCv)
  A komodo dragon (Swamp:2)
  A polar bear (IceCv)
  2 wraiths (Orc:2)
  3 yaks (IceCv)
  4 hogs (D:15)
  A redback (Spider:1)
  A swamp worm (Swamp:3)
  A wolf (IceCv)
  7 kobolds (D:10)
49 creatures vanquished.

Vanquished Creatures (others)
  A deep elf knight (Elf:1)
  A spectral glowing shapeshifter (Depths:3)
  An air elemental (Elf:3)
  A shadow (D:11)
  A fire elemental (Elf:1)
  A human (D:15)
  A harpy simulacrum (Abyss:4)
  2 bullfrogs
  An orc (D:15)
  14 foxfires
  62 spectral weapons
  4 starspawn tentacles (Abyss:4)
90 creatures vanquished.

Grand Total: 1937 creatures vanquished

Notes
Turn   | Place    | Note
-------+----------+-------------------------------------------
     0 | D:1      | coffeetime the Armataur Fighter began the quest for the
                  | Orb.
     0 | D:1      | Reached XP level 1. HP: 19/19 MP: 1/1
   226 | D:1      | Reached XP level 2. HP: 25/26 MP: 2/2
   950 | D:2      | Reached skill level 1 in Stealth
   950 | D:2      | Reached XP level 3. HP: 31/32 MP: 3/3
  1122 | D:2      | Reached XP level 4. HP: 40/40 MP: 4/4
  1175 | D:2      | Noticed Robin
  1184 | D:2      | Killed Robin
  1185 | D:2      | Reached skill level 5 in Armour
  1496 | D:2      | Found a sparkling altar of Nemelex Xobeh.
  1639 | D:2      | Became a worshipper of Nemelex Xobeh the Trickster
  2074 | D:3      | Reached XP level 5. HP: 46/48 MP: 5/5
  2146 | D:3      | Noticed Terence
  2165 | D:3      | Killed Terence
  2631 | D:4      | Noticed an ogre
  2760 | D:4      | Reached * piety under Nemelex Xobeh
  2785 | D:4      | Noticed a centaur
  2797 | D:4      | Killed a centaur
  2798 | D:4      | Reached skill level 1 in Invocations
  2911 | D:4      | Reached XP level 6. HP: 54/54 MP: 5/7
  3266 | D:4      | Received a gift from Nemelex Xobeh
  3693 | D:4      | Reached XP level 7. HP: 63/63 MP: 8/8
  3707 | D:5      | Entered Level 5 of the Dungeon
  3858 | D:5      | Found a transporter.
  3921 | D:5      | Reached ** piety under Nemelex Xobeh
  4166 | D:5      | Identified the +2 ring mail of the Orange Skies {-Tele
                  | rElec Str+3}
  4197 | D:5      | Identified the +4 ring mail "Dyshra" {rC+}
  4411 | D:5      | Found a transporter.
  4628 | D:6      | Reached XP level 8. HP: 63/71 MP: 10/10
  4691 | D:6      | Found a broken altar of Ashenzari.
  5099 | D:6      | Found Wuwnoe's Elemental Accessories.
  5451 | D:7      | Found a staircase to the Ecumenical Temple.
  5456 | D:7      | Reached skill level 5 in Fighting
  5464 | Temple   | Entered the Ecumenical Temple
  5649 | D:7      | Noticed a hornet
  5672 | D:7      | Reached *** piety under Nemelex Xobeh
  5706 | D:7      | a hornet changed into a golden eye
  5821 | D:7      | Reached skill level 5 in Stealth
  6027 | D:7      | Identified the +1 scale mail of Xejofaot {rC- Str+3 Int+4
                  | Dex+8}
  6290 | D:7      | Identified the +2 war axe of Imminent Death {heavy, +Blink
                  | Will+}
  6968 | D:8      | Reached XP level 9. HP: 56/79 MP: 12/12
  7364 | D:8      | Found a burning altar of Makhleb.
  7364 | D:8      | Found an ornate altar of the Wu Jian Council.
  7833 | D:9      | Reached skill level 5 in Maces & Flails
  7833 | D:9      | Reached skill level 5 in Invocations
  8115 | D:8      | Reached skill level 1 in Throwing
  9243 | D:9      | Reached XP level 10. HP: 88/89 MP: 14/14
  9580 | D:9      | Reached **** piety under Nemelex Xobeh
  9601 | D:9      | Found a shimmering altar of Xom.
  9713 | D:10     | Entered Level 10 of the Dungeon
  9738 | D:10     | Noticed a two-headed ogre
  9985 | D:10     | Found a flagged portal.
  9997 | Bailey   | Entered a bailey
 10187 | Bailey   | Received a gift from Nemelex Xobeh
 10429 | Bailey   | Noticed an orc knight
 10432 | Bailey   | Killed an orc knight
 10433 | Bailey   | Reached skill level 10 in Armour
 10442 | Bailey   | Reached skill level 10 in Invocations
 10442 | Bailey   | Reached XP level 11. HP: 98/98 MP: 15/19
 10442 | Bailey   | Reached XP level 12. HP: 107/107 MP: 15/20
 10643 | D:10     | a two-headed ogre changed into a snapping turtle
 10711 | D:10     | Noticed Nergalle
 10736 | D:10     | Killed Nergalle
 10944 | D:10     | Noticed a two-headed ogre
 10945 | D:10     | Killed a two-headed ogre
 11315 | D:6      | Received a gift from Nemelex Xobeh
 11508 | D:6      | Noticed Pikel
 11527 | D:6      | Killed Pikel
 12233 | D:11     | Noticed a demonic crawler
 12249 | D:11     | Noticed a boulder beetle
 12287 | D:11     | Killed a demonic crawler
 12485 | D:11     | Reached XP level 13. HP: 118/118 MP: 21/21
 12485 | D:11     | Reached XP level 14. HP: 126/126 MP: 22/22
 12486 | D:11     | Reached XP level 15. HP: 132/132 MP: 23/23
 12486 | D:11     | Reached XP level 16. HP: 141/141 MP: 24/24
 12960 | D:11     | Found a staircase to the Lair.
 13038 | D:11     | Reached skill level 10 in Fighting
 13140 | D:11     | Found a staircase to the Orcish Mines.
 13151 | D:11     | Reached ***** piety under Nemelex Xobeh
 13614 | Orc:1    | Entered Level 1 of the Orcish Mines
 13744 | Orc:1    | Received a gift from Nemelex Xobeh
 13780 | Orc:1    | Found Beul's Antique Armour Shoppe.
 13922 | Orc:1    | Found a large runed translucent door.
 13922 | Orc:1    | Found a large runed translucent door.
 13929 | Orc:1    | Noticed kazekaze's ghost (journeyman MiBe)
 14111 | Orc:1    | Found Vampyem's Armour Emporium.
 14251 | Orc:2    | Entered Level 2 of the Orcish Mines
 14258 | Orc:2    | Noticed Sonja
 14499 | Orc:2    | Reached skill level 1 in Evocations
 14514 | Orc:2    | Killed Sonja
 14749 | Orc:2    | Noticed Josephine
 14761 | Orc:2    | Killed Josephine
 15409 | Orc:2    | Reached XP level 17. HP: 104/154 MP: 25/25
 15518 | Orc:2    | Reached skill level 5 in Shields
 16007 | Orc:2    | Reached skill level 5 in Throwing
 16525 | Orc:1    | Found Busoeko's Antique Weapon Shoppe.
 18338 | Orc:2    | Found Ughaseuc's CLEARANCE SALE!.
 18338 | Orc:2    | Received a gift from Nemelex Xobeh
 18343 | Orc:2    | Bought a wand of mindburst (10) for 28 gold pieces
 18343 | Orc:2    | Bought a phantom mirror for 80 gold pieces
 18343 | Orc:2    | Bought a scroll of identify for 4 gold pieces
 18349 | Orc:2    | Identified a scroll of acquirement
 19082 | Orc:2    | Found Raedghehe's Magic Scroll Shoppe.
 19082 | Orc:2    | Found Alajiol's Antique Weapon Shoppe.
 19083 | Orc:2    | Found Ighutone's Assorted Antiques.
 19083 | Orc:2    | Found Ypsuc's Antique Armour Emporium.
 19104 | Orc:2    | Bought a scroll of teleportation for 33 gold pieces
 19344 | Orc:2    | Found Ypniechi's Armour Emporium.
 19363 | Orc:2    | Found a staircase to the Elven Halls.
 19586 | Orc:1    | Found Ykikifi's Weapon Boutique.
 19672 | Elf:1    | Entered Level 1 of the Elven Halls
 19749 | Lair:1   | Entered Level 1 of the Lair of Beasts
 19943 | Lair:1   | Received a gift from Nemelex Xobeh
 20063 | Lair:1   | Found a frozen archway.
 20067 | IceCv    | Entered an ice cave
 21666 | D:11     | Acquired the +4 barding "Iwefay" {rC+ Will- Regen+ MP+9}
 21808 | Orc:2    | Bought the +3 pair of gauntlets of War {Slay+5} for 1187
                  | gold pieces
 21808 | Orc:2    | Found the +3 pair of gauntlets of War {Slay+5}
 22941 | Lair:2   | Received a gift from Nemelex Xobeh
 22944 | Lair:2   | Found a staircase to the Swamp.
 23059 | Lair:2   | Found a hole to the Spider Nest.
 23309 | Lair:2   | Reached skill level 5 in Evocations
 23433 | Lair:2   | Reached skill level 15 in Fighting
 23771 | Lair:2   | Noticed Fannar
 23776 | Lair:2   | Fannar changed into Fannar the swamp dragon
 23776 | Lair:2   | Noticed Fannar
 23784 | Lair:2   | Killed Fannar the swamp dragon
 24005 | Lair:3   | Received a gift from Nemelex Xobeh
 24048 | Lair:3   | Found an ornate altar of the Wu Jian Council.
 24198 | Lair:3   | Reached ****** piety under Nemelex Xobeh
 24198 | Lair:3   | Received a gift from Nemelex Xobeh
 24421 | Lair:3   | Received a gift from Nemelex Xobeh
 24428 | Lair:3   | Identified the +8 hand axe "Soecatia" {flame, rPois Int+3}
 24826 | Lair:4   | Received a gift from Nemelex Xobeh
 24921 | Lair:4   | Found a viscous altar of Jiyva.
 24921 | Lair:4   | Found a staircase to the Slime Pits.
 25565 | Lair:4   | Received a gift from Nemelex Xobeh
 26087 | Lair:5   | Entered Level 5 of the Lair of Beasts
 26240 | Lair:4   | Reached XP level 18. HP: 163/177 MP: 26/26
 26285 | Lair:4   | Reached skill level 10 in Maces & Flails
 27289 | Lair:5   | Received a gift from Nemelex Xobeh
 27454 | Lair:5   | Noticed Snorg
 27477 | Lair:5   | Killed Snorg
 27650 | Lair:5   | Received a gift from Nemelex Xobeh
 28544 | Orc:2    | Bought a scroll of identify for 22 gold pieces
 28544 | Orc:2    | Bought a scroll of identify for 22 gold pieces
 28544 | Orc:2    | Bought a scroll of identify for 22 gold pieces
 28633 | Orc:1    | Bought a glowing morningstar for 210 gold pieces
 28717 | Orc:2    | Bought a scroll of enchant weapon for 82 gold pieces
 28717 | Orc:2    | Bought a scroll of enchant weapon for 82 gold pieces
 29026 | D:12     | Received a gift from Nemelex Xobeh
 29508 | D:12     | Received a gift from Nemelex Xobeh
 30359 | D:13     | Received a gift from Nemelex Xobeh
 30657 | D:13     | Received a gift from Nemelex Xobeh
 31422 | D:14     | Found a gate to the Vaults.
 31506 | D:14     | Received a gift from Nemelex Xobeh
 31577 | D:14     | Found the +9 sword of Power {lifebolt}
 31607 | D:14     | Reached XP level 19. HP: 151/192 MP: 28/28
 31649 | D:14     | Noticed Jorgrun
 31655 | D:14     | Killed Jorgrun
 31830 | D:14     | Received a gift from Nemelex Xobeh
 32056 | D:15     | Entered Level 15 of the Dungeon
 32186 | D:15     | Noticed Kirke
 32224 | D:15     | Killed Kirke
 32251 | D:15     | Received a gift from Nemelex Xobeh
 32613 | D:15     | Found Fusuilla's Magic Scroll Boutique.
 32625 | D:15     | Bought a scroll of identify for 24 gold pieces
 32625 | D:15     | Bought a scroll of identify for 24 gold pieces
 32625 | D:15     | Bought a scroll of identify for 24 gold pieces
 33049 | D:15     | Found a staircase to the Depths.
 33342 | Orc:2    | Bought the +1 helmet of the Soft Hot Ocelot {rN+} for 310
                  | gold pieces
 33432 | Orc:2    | Bought a brown potion for 18 gold pieces
 33432 | Orc:2    | Bought a brown potion for 18 gold pieces
 33562 | Swamp:1  | Entered Level 1 of the Swamp
 33761 | Swamp:1  | Noticed Frances
 33772 | Swamp:1  | Killed Frances
 33971 | Swamp:1  | Received a gift from Nemelex Xobeh
 34594 | Swamp:2  | Received a gift from Nemelex Xobeh
 34891 | Swamp:2  | Reached skill level 10 in Evocations
 35026 | Swamp:3  | Noticed Louise
 35029 | Abyss:2  | Found a corrupted altar of Lugonu.
 35029 | Abyss:2  | Cast into level 2 of the Abyss (Louise)
 35052 | Swamp:3  | Escaped the Abyss
 35064 | Swamp:3  | Killed Louise
 35114 | Swamp:3  | Received a gift from Nemelex Xobeh
 35560 | Swamp:4  | Entered Level 4 of the Swamp
 35575 | Swamp:4  | Received a gift from Nemelex Xobeh
 36228 | Swamp:4  | Got a decaying rune of Zot
 36243 | Swamp:4  | Received a gift from Nemelex Xobeh
 36384 | Swamp:4  | Identified the +8 great mace of Guile {heavy, rPois rF+
                  | rCorr Dex-3}
 36789 | Lair:2   | Upgraded the game from 0.31-a0-222-gefeffbb62a to
                  | 0.31-a0-229-g1fc7ce93e2
 36919 | Orc:2    | Bought an embroidered cloak for 187 gold pieces
 37111 | Spider:1 | Entered Level 1 of the Spider Nest
 37128 | Spider:1 | Reached XP level 20. HP: 189/202 MP: 30/30
 37148 | Spider:1 | Noticed Roxanne
 37197 | Spider:1 | Noticed Donald
 37218 | Spider:1 | Killed Donald
 37700 | Spider:1 | Received a gift from Nemelex Xobeh
 37962 | Spider:1 | Killed Roxanne
 38201 | Spider:2 | Reached skill level 10 in Shields
 38206 | Spider:2 | Identified the +4 trident of Ukeraf {antimagic, Int+3
                  | Dex+4}
 38833 | Spider:3 | Received a gift from Nemelex Xobeh
 39082 | Spider:3 | Reached skill level 15 in Maces & Flails
 39449 | Spider:3 | Received a gift from Nemelex Xobeh
 39633 | Spider:3 | Noticed Arachne
 39643 | Spider:3 | Killed Arachne
 40194 | Spider:4 | Entered Level 4 of the Spider Nest
 40202 | Spider:4 | Noticed Bai Suzhen
 40226 | Spider:3 | Killed Bai Suzhen
 41102 | Spider:4 | Received a gift from Nemelex Xobeh
 41385 | Spider:4 | Got a gossamer rune of Zot
 41636 | Vaults:1 | Entered Level 1 of the Vaults
 42150 | D:14     | Reached skill level 15 in Invocations
 42150 | D:14     | Reached XP level 21. HP: 212/212 MP: 32/32
 42284 | Vaults:1 | Reached XP level 22. HP: 220/220 MP: 33/33
 42284 | Vaults:1 | Reached XP level 23. HP: 227/227 MP: 34/34
 42720 | Vaults:2 | Received a gift from Nemelex Xobeh
 43023 | Vaults:2 | Paralysed by a great orb of eyes for 2 turns
 43387 | Vaults:2 | Identified the +9 short sword of the Orb {vamp, Fly}
 44298 | Vaults:2 | Received a gift from Nemelex Xobeh
 44728 | Vaults:1 | Reached skill level 15 in Shields
 45423 | Vaults:1 | Received a gift from Nemelex Xobeh
 46185 | Vaults:4 | Received a gift from Nemelex Xobeh
 46311 | Vaults:4 | Found Huethiusch's Book Emporium.
 46328 | Vaults:4 | Found Byenajof's Distillery.
 46563 | Vaults:3 | Received a gift from Nemelex Xobeh
 46848 | Vaults:3 | Noticed Zenata
 46864 | Vaults:3 | Killed Zenata
 46908 | Vaults:3 | Received a gift from Nemelex Xobeh
 47075 | Vaults:3 | Received a gift from Nemelex Xobeh
 47085 | Vaults:3 | Identified the +7 short sword of the Pill Bug {venom, rC+}
 47319 | Vaults:3 | Reached XP level 24. HP: 241/241 MP: 35/35
 47365 | Vaults:3 | Found a staircase to the Crypt.
 47802 | Vaults:4 | Found Momin's Weapon Shop.
 48010 | Vaults:4 | Noticed Margery
 48026 | Vaults:4 | Killed Margery
 48128 | Vaults:4 | Noticed Saint Roka
 48174 | Vaults:4 | Killed Saint Roka
 48574 | Vaults:4 | Bought a potion of resistance for 160 gold pieces
 48829 | Elf:1    | Paralysed by an air elemental for 1 turns
 48852 | Elf:1    | Found Fure Lie's Jewellery Shoppe.
 48902 | Elf:1    | Received a gift from Nemelex Xobeh
 48991 | Elf:1    | Noticed Azrael
 49005 | Elf:1    | Noticed Agnes
 49007 | Elf:1    | Killed Azrael
 49015 | Elf:1    | Killed Agnes
 49666 | Elf:2    | Received a gift from Nemelex Xobeh
 49707 | Elf:2    | Found Aryowut's Weapon Emporium.
 50075 | Elf:3    | Entered Level 3 of the Elven Halls
 50255 | Elf:2    | Found a runed translucent gate.
 50261 | Elf:2    | Found a runed translucent gate.
 50261 | Elf:2    | Found a runed translucent gate.
 50386 | Elf:2    | Paralysed by an air elemental for 1 turns
 50390 | Elf:2    | Paralysed by an air elemental for 1 turns
 50760 | Elf:3    | Found Luemp's Antique Armour Boutique.
 50780 | Elf:3    | Learned a level 2 spell: Passwall
 50780 | Elf:3    | Bought a pitted plate armour for 868 gold pieces
 50780 | Elf:3    | Identified the +1 plate armour of Xenk {Str+2} (You bought
                  | it in a shop on level 3 of the Elven Halls)
 50781 | Elf:3    | Bought a glowing scarf for 248 gold pieces
 50854 | Elf:3    | Identified the +10 trident "Ytuxzev" {speed, *Rage rF+
                  | Int+5 SInv}
 50854 | Elf:3    | Identified the ring of Cinlock {rC+ Str+4}
 50861 | Elf:3    | Identified the +0 halberd "Delis" {drain, Int+4}
 50899 | Elf:3    | Identified the +10 rapier of the Witching Saviour {elec,
                  | Will++}
 50899 | Elf:3    | Identified the ring "Faurafat" {rCorr MP-9 EV+5 Int+4}
 51263 | Elf:3    | Got Vuorhoev's Quarto of Coordinates and the Escort
 51284 | Elf:3    | Received a gift from Nemelex Xobeh
 51324 | Elf:3    | Got Domaan's Compilation of Grit and Heat
 51328 | Elf:3    | Identified the +10 falchion "Hedodd" {antimagic, rN+}
 52356 | Depths:1 | Entered Level 1 of the Depths
 52444 | Depths:1 | Received a gift from Nemelex Xobeh
 52499 | Depths:1 | Noticed the Enchantress
 52684 | Depths:1 | Found a gateway to Hell.
 52711 | Depths:1 | Reached XP level 25. HP: 101/251 MP: 26/35
 52853 | Depths:1 | Killed the Enchantress
 53314 | Depths:1 | Received a gift from Nemelex Xobeh
 53678 | Depths:2 | Found a shadowy altar of Dithmenos.
 54006 | Depths:2 | Identified the +1 robe "Doprugahi" {Slay+2}
 54148 | Depths:2 | Identified the +1 chain mail of Dymibrit {Str+3}
 54176 | Depths:2 | Noticed an ancient lich
 54180 | Depths:2 | Killed an ancient lich
 54181 | Abyss:4  | Found a corrupted altar of Lugonu.
 54181 | Abyss:4  | Found a corrupted altar of Lugonu.
 54181 | Abyss:4  | Cast into level 4 of the Abyss (a deep elf sorcerer)
 54239 | Abyss:4  | Found a corrupted altar of Lugonu.
 54315 | Abyss:4  | Got an abyssal rune of Zot
 54750 | Abyss:4  | Gained mutation: You occasionally lose the ability to drink
                  | potions when taking damage. [a neqoxec]
 54815 | Depths:2 | Escaped the Abyss
 54997 | Depths:2 | Found a one-way gate leading to the halls of Pandemonium.
 55001 | Depths:2 | Gained mutation: You are partially covered in iridescent
                  | scales. (AC +2) [a cacodemon]
 55004 | Depths:2 | Lost mutation: You occasionally lose the ability to drink
                  | potions when taking damage. [potion of mutation]
 55004 | Depths:2 | Lost mutation: You are partially covered in iridescent
                  | scales. (AC +2) [potion of mutation]
 55004 | Depths:2 | Gained mutation: You have large cloven feet. [potion of
                  | mutation]
 55004 | Depths:2 | Gained mutation: Your muscles are strong. (Str +4, Int/Dex
                  | -1) [potion of mutation]
 55004 | Depths:2 | Gained mutation: You occasionally lose the ability to read
                  | scrolls when taking damage. [potion of mutation]
 55004 | Depths:2 | Lost mutation: You occasionally lose the ability to read
                  | scrolls when taking damage. [potion of mutation]
 55004 | Depths:2 | Gained mutation: Your flesh is cold resistant. (rC+)
                  | [potion of mutation]
 55162 | Depths:2 | Got Camn's Octavo of Red-Hot Distance
 55166 | Depths:2 | Got the Spellbook of Voltage and the Swarm
 55246 | Depths:2 | Received a gift from Nemelex Xobeh
 55819 | Depths:3 | Found a runed translucent gate.
 55819 | Depths:3 | Found a runed translucent gate.
 55819 | Depths:3 | Found a runed translucent gate.
 55820 | Depths:3 | Noticed Ducleet's ghost (veteran MfMo)
 55950 | Depths:3 | Killed Ducleet's ghost
 55956 | Depths:3 | Identified the amulet "Ifemp" {Regen+ Int+3}
 56006 | Depths:3 | Found a one-way gate to the infinite horrors of the Abyss.
 56030 | Depths:4 | Entered Level 4 of the Depths
 56109 | Depths:4 | Noticed a juggernaut
 56119 | Depths:4 | Killed a juggernaut
 56125 | Depths:4 | Found Duha's Weapon Shoppe.
 56271 | Depths:4 | Found a hazy altar of Hepliaklqana.
 56293 | Depths:4 | Found a one-way gateway to a ziggurat.
 56691 | Depths:4 | Received a gift from Nemelex Xobeh
 57212 | Depths:4 | Reached XP level 26. HP: 262/263 MP: 27/36
 57370 | Depths:4 | Received a gift from Nemelex Xobeh
 57399 | Depths:4 | Found a gate to the Realm of Zot.
 57420 | Zot:1    | Entered Level 1 of the Realm of Zot
 58105 | Zot:1    | Found a transporter.
 58351 | Zot:1    | Received a gift from Nemelex Xobeh
 58674 | Zot:1    | Found a transporter.
 58677 | Zot:1    | Identified the ring of Boepar {Dex+6 SInv}
 58927 | Zot:2    | Noticed a dread lich
 58933 | Zot:2    | Noticed a dread lich
 59174 | Zot:1    | Killed a dread lich
 59205 | Zot:1    | Killed from afar by an Ice Fiend

Illustrated notes

Levels and vault maps discovered:
D:1:      lightli_arrival_maybe_door_vault, layout_loops_ring
D:2:      layout_basic, basic_altar, st_stairs_10, minmay_lizard_king,
          uniq_robin
D:3:      layout_rooms, serial_rivers, chequers_serial_rivers_small_3,
          chequers_serial_rivers_large_b, chequers_serial_rivers_marsh,
          chequers_serial_rivers_room_a, chequers_serial_rivers_micro_a,
          kennysheep_nondescript, uniq_terence
D:4:      layout_basic, chequers_avenue, hangedman_decor_diamond_cutter,
          serial_bayou_pond_e, corner_web_ring
D:5:      gammafunk_steamed_eel, layout_basic, grunt_ministairs_13
D:6:      layout_basic, ashenzari_conservatory_becter, nicolae_elemental_shop,
          uniq_pikel
D:7:      layout_layer_cave, minmay_temple_entry_butterflies
D:8:      layout_loops_ring, gammafunk_temple_overflow_statue
D:9:      layout_cave_pools, xom_confusion_cloud
D:10:     layout_irregular_city, enter_bailey_3, eino_tiny_chamber,
          uniq_nergalle
D:11:     layout_roguey, david_lair_generic, orc_0_dummy, worms_lemuel
D:12:     minmay_imperfect_grid, layout_loops_ring, chequers_garden
D:13:     layout_irregular_city, st_stairs_14, minivault_16, hangedman_fish_farm
D:14:     minmay_guarded_unrand_sword_of_power, layout_irregular_city,
          grunt_vaults_entry_fortified, nicolae_twisty_statue_hallways,
          uniq_jorgrun
D:15:     grunt_enter_depths_snipers, layout_loops_ring,
          minmay_misc_feat_secret_circle, serial_shops,
          nicolae_shop_pleasant_corner_grove, uniq_kirke
Temple:   mainiacjoe_temple_coin_purse
Lair:1:   beast_lair_carwin_large_2, layout_cave_pods,
          portal_ice_cave_entry_pillars_2, lemuel_fruit_fields,
          infiniplex_staircase_pool_2
Lair:2:   layout_misc_corridors, skrybe_swamp_entry_bodies, spider_nest_entry_a,
          st_stairs_9, pond, uniq_fannar
Lair:3:   layout_long_grid, basic_altar
Lair:4:   nzn_winding_woodlands_huge [nzn_winding_woodlands_5x15_concentric,
          nzn_winding_woodlands_5x15_sawtooth,
          nzn_winding_woodlands_5x15_river_crossing,
          nzn_winding_woodlands_5x15_zeroes,
          nzn_winding_woodlands_5x15_split_checker,
          nzn_winding_woodlands_5x15_parted, nzn_winding_woodlands_5x15_pockets,
          nzn_winding_woodlands_5x15_longhouse,
          nzn_winding_woodlands_5x15_twine, nzn_winding_woodlands_5x15_cabin,
          nzn_winding_woodlands_center_lodge,
          nzn_winding_woodlands_center_pierced_h,
          nzn_winding_woodlands_15x15_five_gardens], layout_regular_city,
          slime_entry_1
Lair:5:   gammafunk_lair_ancient_temple, layout_regular_city,
          serial_bayou_lagoon_b, serial_bayou_shore_b, uniq_snorg
Swamp:1:  layout_falls_marsh, evilmike_swamp_ruin_rubble_1, swamp_pool1,
          uniq_frances
Swamp:2:  cheibrodos_swamp_monstrosity, layout_basic_swamp,
          evilmike_swamp_ruin_rubble_2, swamp_pool5, nicolae_swamp_spriggan_camp
Swamp:3:  layout_basic_swamp, evilmike_swamp_ruin_house_6, uniq_louise
Swamp:4:  swamp_basic_johnstein, layout_basic_swamp, swamp_pool3,
          nicolae_swamp_no_escape
Spider:1: layout_spider_delve, hangedman_spider_mandibles, uniq_roxanne,
          uniq_donald
Spider:2: layout_spider_delve
Spider:3: layout_chambers, nicolae_spider_cling_halls, uniq_arachne
Spider:4: guppyfry_spider_rune, uniq_bai_suzhen
Orc:1:    layout_caves, ebering_ghost_disaster_area, serial_shops, shop, shop,
          shop, nicolae_shop_waterfront, basic_altar
Orc:2:    st_orc_pillars, layout_diamond_mine, serial_shops,
          nicolae_shop_scrapyard, nicolae_shop_clearance, uniq_josephine,
          uniq_sonja
Elf:1:    eino_elf_arrival_sip, layout_gridlike, serial_shops,
          nicolae_shop_gaudy_bauble, hangedman_elven_crosses_minicolossus,
          serial_sigils_hangedman_gnaw, grunt_ministairs_10,
          serial_sigils_hangedman_snap, uniq_azrael, uniq_agnes
Elf:2:    elven_hall_of_blades_hangedman_original [nicolae_blade_bullseye],
          layout_gridlike, serial_shops, shop, special_room
          [special_room_mythical_zoo]
Elf:3:    grunt_elf_hall_branching, layout_loops_cross, serial_shops, shop
Vaults:1: ontoclasm_vaults_twist, nicolae_vaults_prndl,
          nicolae_vaults_tangram_1, nicolae_vaults_little_squares_5,
          vaults_mumra_hex, nicolae_vaults_diamond_1,
          nicolae_vaults_network_quinsquares
          [nicolae_vaults_network_quincunx_subvault,
          nicolae_vaults_network_quincunx_subvault,
          nicolae_vaults_network_quincunx_subvault,
          nicolae_vaults_network_quincunx_subvault],
          nicolae_vaults_tetromino_Z_2, ontoclasm_vaults_spin,
          vaults_room_door_ring, layout_vaults_omnigrid
Vaults:2: st_octagons_1, v_pattern_2, nicolae_vaults_arrows,
          nicolae_vaults_storage_closets_1, vaults_room_door_hall,
          nicolae_vaults_ninety_degrees, ontoclasm_vaults_idyll,
          nicolae_vaults_trapezoid_layered, nicolae_vaults_closet_pinwheel_1,
          nicolae_vaults_little_squares_5, vaults_dpeg_emergency_exit,
          layout_vaults_omnicross
Vaults:3: minmay_crypt_entry_skeletal_spiral, nicolae_vaults_closet_pinwheel_6,
          v_pattern_1, v_rooms_3, grunt_vaults_twisty,
          nicolae_vaults_little_squares_6, nicolae_vaults_angled_halls,
          nicolae_vaults_heart-shaped_vault, nicolae_vaults_mini_display_case,
          nicolae_vaults_security_offices_1, layout_vaults_ring, uniq_zenata
Vaults:4: ontoclasm_vaults_ring_square, grunt_vaults_diagonal,
          vaults_room_octagon, nicolae_vaults_little_squares_1,
          nicolae_vaults_sesquioval_fish, st_lattice, v_rooms_4,
          vaults_dpeg_hooks, hangedman_vaults_pinch, vaults_dpeg_ring,
          layout_vaults_big_room, serial_shops, nicolae_shop_trees,
          nicolae_shop_gibbet_a_chance, nicolae_shop_tiny_glass, uniq_margery,
          uniq_saint_roka
Depths:1: hellmonk_crumbling_castle, layout_gridville, grunt_hell_horde,
          dreamdust_looks_like_rain, serial_bayou_shore_a, uniq_enchantress
Depths:2: minmay_the_grid_4x2 [minmay_the_grid_tri_star,
          minmay_the_grid_minigrid_medium, minmay_the_grid_dragon_a,
          minmay_the_grid_empty, minmay_the_grid_x, minmay_the_grid_armoury,
          minmay_the_grid_airy, minmay_the_grid_prize_shrinking_boxes],
          layout_basic, rand_demon_pan_entry_4, nicolae_dithmenos_the_darkroom,
          hell_entry
Depths:3: nicolae_cairo_tiling_very_big, layout_cave_pools, hell_entry,
          gammafunk_ghost_necromancy, abyss_entry, nrook_campfire
Depths:4: grunt_zot_entry_gee_three, layout_cave_shapes, enter_ziggurat_e,
          hell_entry, nicolae_hepliaklqana_hazy_memory, serial_shops,
          nicolae_shop_bloodbath_and_beyond
Zot:1:    gammafunk_sealed_arena, layout_cathedral_of_symmetry
Zot:2:    hangedman_zot_vaults_quadrants, layout_cathedral_of_symmetry

Skill      XL: |  1  2  3  4  5  6  7  8  9 10 11 12 13 14 15 16 17 18 19 20 21 22 23 24 25 26 |
---------------+-------------------------------------------------------------------------------+-----
Armour         | 4 5 6 7 8 9 14 18 21 22 | 22.1
Stealth        | 1 2 3 4 5 |  5.1
Fighting       | 3 4 5 6 7 9 11 16 18 19 20 21 22 | 22.0
Shields        | 4 5 8 12 13 15 18 20 22 | 22.0
Invocations    | 1 2 3 4 5 10 11 12 14 15 16 17 18 | 18.6
Maces & Flails | 2 4 6 7 9 12 14 15 16 17 18 19 | 19.6
Throwing       | 2 3 4 7 |  7.0
Evocations     | 1 6 9 10 | 10.0

Action                     |  1- 3 |  4- 6 |  7- 9 | 10-12 | 13-15 | 16-18 | 19-21 | 22-24 | 25-27 || total
---------------------------+-------+-------+-------+-------+-------+-------+-------+-------+-------++-------
  Melee: Short sword       |    37 |       |       |       |       |       |       |       |       ||    37
         Flail             |     5 |       |       |       |       |       |       |       |       ||     5
         Tailslap          |     9 |    21 |    37 |    37 |       |   495 |   227 |   278 |   236 ||  1340
         Whip              |    35 |   143 |   373 |   276 |       |  2001 |       |       |       ||  2828
         Morningstar       |       |       |       |       |       |   308 |   977 |  1047 |   978 ||  3310
         Kick              |       |       |       |       |       |       |       |       |   304 ||   304
  Throw: Stone             |       |     1 |     2 |       |       |       |       |       |       ||     3
         Dart              |       |       |     7 |     2 |       |    11 |       |       |       ||    20
         Javelin           |       |       |       |       |       |    29 |     3 |       |     6 ||    38
 Invoke: Draw Destruction  |       |       |     2 |     8 |       |    65 |    37 |    17 |     2 ||   131
         Draw Summoning    |       |       |     1 |     2 |       |    12 |     9 |     5 |     2 ||    31
         Draw Escape       |       |       |     1 |     1 |       |     3 |     3 |       |       ||     8
         Stack Five        |       |       |       |       |       |     1 |       |     7 |     2 ||    10
         Draw Stack        |       |       |       |       |       |       |     1 |    17 |     6 ||    24
         Deal Four         |       |       |       |       |       |       |       |     2 |       ||     2
  Evoke: Wand              |       |       |     1 |     6 |       |     5 |    67 |    29 |    14 ||   122
         Lightning rod     |       |       |       |       |       |     2 |       |     6 |     3 ||    11
         Phial of floods   |       |       |       |       |       |       |       |       |     1 ||     1
    Use: Scroll            |       |     5 |     4 |       |       |    15 |     8 |    23 |     4 ||    59
         Potion            |       |     1 |     1 |     6 |     1 |     1 |     1 |     2 |     5 ||    18
   Stab: Sleeping          |       |       |     2 |     4 |       |       |       |       |     3 ||     9
         Distracted        |       |       |     1 |     2 |       |     1 |     9 |    27 |    12 ||    52
         Paralysed         |       |       |       |       |       |     4 |       |       |       ||     4
 Armour: Scale mail        |    49 |    75 |    29 |       |       |       |       |       |       ||   153
         Ring mail         |       |       |   229 |   146 |       |       |       |       |       ||   375
         Plate armour      |       |       |       |       |       |  1747 |   838 |   381 |       ||  2966
         Fire dragon scale |       |       |       |       |       |       |       |    25 |   509 ||   534
  Dodge: Dodged            |    25 |    40 |   157 |   111 |       |   419 |   327 |   238 |   230 ||  1547
  Block: Buckler           |    16 |    23 |    80 |    50 |       |   433 |       |       |       ||   602
         Kite shield       |       |       |       |       |       |    11 |   488 |   369 |       ||   868
         Tower shield      |       |       |       |       |       |       |       |    38 |   682 ||   720

Table legend: (Time is in decaauts)
 A = Elapsed time spent in this place.
 B = Non-inter-level travel time spent in this place.
 C = Inter-level travel time spent in this place.
 D = Time resting spent in this place.
 E = Time spent auto-exploring this place.
 F = Levels seen in this place.
 G = Mean time per level.
                   A        B        C        D        E       F      G
               +--------+--------+--------+--------+--------+-----+--------+
         Total |  58190 |  43971 |  14219 |   8516 |  14135 |  48 | 1212.3 |
       Dungeon |  18769 |  16550 |   2219 |   2454 |   9669 |  15 | 1251.3 |
        Temple |    180 |    167 |     13 |     45 |    102 |   1 |  180.0 |
          Lair |   7005 |   5231 |   1774 |    527 |   1836 |   5 | 1401.0 |
         Swamp |   3015 |   2209 |    806 |     96 |    679 |   4 |  753.8 |
   Spider Nest |   4477 |   3587 |    890 |    334 |    746 |   4 | 1119.2 |
  Orcish Mines |   6815 |   5553 |   1262 |   2712 |    648 |   2 | 3407.5 |
   Elven Halls |   2886 |   1816 |   1070 |    331 |      0 |   3 |  962.0 |
        Vaults |   6390 |   2958 |   3432 |    448 |    196 |   4 | 1597.5 |
        Depths |   4562 |   2583 |   1979 |    324 |    259 |   4 | 1140.5 |
           Zot |   1447 |    676 |    771 |    119 |      0 |   2 |  723.5 |
         Abyss |    636 |    636 |      0 |    325 |      0 |   2 |  318.0 |
        Bailey |    500 |    500 |      0 |     47 |      0 |   1 |  500.0 |
      Ice Cave |   1502 |   1502 |      0 |    754 |      0 |   1 | 1502.0 |
               +--------+--------+--------+--------+--------+-----+--------+

Top non-repeatable levels by time:
   Orc:1: 3441 daAuts
   Orc:2: 3373 daAuts
  Lair:4: 2374 daAuts
    D:11: 2038 daAuts
    D:14: 1917 daAuts
Spider:3: 1874 daAuts
     D:8: 1860 daAuts
Vaults:2: 1830 daAuts
Vaults:1: 1582 daAuts
     D:7: 1563 daAuts
Vaults:3: 1503 daAuts
   IceCv: 1502 daAuts
Vaults:4: 1474 daAuts
  Lair:1: 1458 daAuts
   Zot:1: 1423 daAuts
